 Dungeon Crawl Stone Soup version 0.21.1-1-g345015f (webtiles) character file.

2399 xccam the Basher (level 9, -7/74 HPs)
             Began as a Minotaur Monk on Feb 20, 2018.
             Mangled by an iguana (10 damage)
             ... on level 7 of the Dungeon.
             The game lasted 00:14:48 (6005 turns).

xccam the Basher (Minotaur Monk)                    Turns: 6005, Time: 00:14:50

Health: -7/74      AC: 13    Str: 18    XL:     9   Next: 23%
Magic:  8/8        EV:  9    Int:  7    God:    Xom [......]
Gold:   240        SH:  0    Dex: 14    Spells: 8/8 levels left

rFire    x . .     SeeInvis .   a - +0 mace
rCold    + . .     Gourm    .   (no shield)
rNeg     . . .     Faith    .   l - +0 chain mail
rPois    .         Spirit   .   (helmet restricted)
rElec    .         Reflect  .   e - +2 cloak
rCorr    .         Harm     .   (no gloves)
MR       +....                  b - +0 pair of boots
Stlth    ..........             (no amulet)
HPRegen  0.22/turn              r - ring of protection from magic
MPRegen  0.11/turn              u - ring of ice

@: lethally poisoned (-7 -> -11), drained
A: retaliatory headbutt, hooves 1, horns 2, blurry vision 1, wild magic 1
a: Renounce Religion


You were on level 7 of the Dungeon.
You worshipped Xom.
You were a very special plaything of Xom.
You were hungry.

You visited 2 branches of the dungeon, and saw 8 of its levels.

You collected 240 gold pieces.

Inventory:

Hand Weapons
 a - a +0 mace (weapon)
Armour
 b - a +0 pair of boots (worn)
 d - a +0 plate armour
 e - a +2 cloak (worn)
 l - a +0 chain mail (worn)
Jewellery
 r - a ring of protection from magic (left hand)
 u - a ring of ice (right hand)
Wands
 i - a wand of digging (10)
 s - a wand of acid (10)
 w - a wand of flame (13)
Scrolls
 f - 5 scrolls of identify {unknown}
 h - 5 scrolls of remove curse {unknown}
 j - a scroll of magic mapping
 n - a scroll of fear {unknown}
 q - a scroll of teleportation {unknown}
 t - a scroll of fog {unknown}
Potions
 g - 2 potions of curing
 k - a potion of flight
 m - a potion of berserk rage
 o - a potion of cancellation {unknown}
 p - a potion of invisibility {unknown}
Comestibles
 c - 10 rations


   Skills:
 + Level 5.1(4.8) Fighting
 + Level 13.4(13.0) Maces & Flails
 + Level 3.2(3.0) Armour
 + Level 4.6(4.3) Dodging
 - Level 1.5(1.2) Stealth


You had 8 spell levels left.
You didn't know any spells.

Dungeon Overview and Level Annotations

Branches:
Dungeon (7/15)             Temple (1/1) D:4

Altars:
Ashenzari
Cheibriados
Fedhas
Hepliaklqana
Makhleb
Nemelex Xobeh
Okawaru
Trog
Uskayaw
Vehumet
Wu Jian
Xom
Zin
The Shining One


Innate Abilities, Weirdness & Mutations

You reflexively headbutt those who attack you in melee.
You have a pair of horns on your head.
You have large cloven feet.
Scrolls take you a little longer to read.
Your spells are a little harder to cast, but a little more powerful.


Message History

You barely miss the orc priest. You headbutt the orc priest.
The orc priest is moderately wounded.
You feel sick.
The orc priest mumbles some strange prayers to Beogh against you.
Beogh smites you!
* * * LOW HITPOINT WARNING * * *
Xom is mildly amused.
Something hits you.
* * * LOW HITPOINT WARNING * * *
The orc hits you but does no damage. The orc barely misses you.
The orc hits you but does no damage.
Unknown command.
Unknown command.
You hit the orc priest but do no damage.
Your headbutt misses the orc priest.
The orc priest is moderately wounded.
The orc wizard hits you but does no damage.
The iguana bites you!
You die...
Xom thinks this is hilarious!

#...............#...##.###.#.
#.............#.###.##.## .#
###...........#.# #.##..# .#
#...........#.#.#.###.##.#
#...........#.#..........#
##............#.#.####.###
#......))....!.#. #..###
#.......ooo.####. ##.#<#
#...5....@l...... #.[)#
#.......o.o....## ##..#
###########....# #..# ....#
##.# ...# #.. ...# #.. ....
##. .... #


You could see an iguana, an orc priest, an orc wizard, a crimson imp and 3 orcs.

Vanquished Creatures
  The ghost of xccam the Cudgeler, a novice DsGl of Ru (D:5)
  A hippogriff (D:7)
  An orc warrior (D:7)
  A phantom (D:6)
  2 ogres
  A centaur (D:5)
  The ghost of aspa the Magician, an amateur OpWz (D:3)
  3 bullfrogs
  A gnoll sergeant (D:6)
  A scorpion (D:5)
  A crimson imp (D:6)
  2 hounds
  3 bullfrog skeletons
  5 orc priests
  11 orc wizards
  2 iguanas
  4 worker ants
  2 killer bee zombies (D:6)
  A hound skeleton (D:6)
  7 adders
  11 gnolls (D:6)
  An ooze (D:4)
  2 worms (D:2)
  A dart slug (D:2)
  4 leopard geckos
  29 orcs
  5 ball pythons
  6 bats
  A giant cockroach (D:3)
  5 goblins
  4 hobgoblins
  10 jackals
  4 quokkas
  2 frilled lizards (D:3)
  5 kobolds
  2 leopard gecko skeletons (D:4)
  4 rats
147 creatures vanquished.

Notes
Turn   | Place    | Note
-------+----------+-------------------------------------------
     0 | D:1      | xccam the Minotaur Monk began the quest for the Orb.
     0 | D:1      | Reached XP level 1. HP: 19/19 MP: 0/0
     0 | D:1      | Noticed a centaur
     0 | D:1      | Noticed a human
     0 | D:1      | Noticed a felid
    57 | D:1      | Reached skill level 4 in Maces & Flails
   321 | D:1      | Reached XP level 2. HP: 26/26 MP: 1/1
  1016 | D:2      | Reached skill level 5 in Maces & Flails
  1024 | D:2      | Reached XP level 3. HP: 30/31 MP: 2/2
  1066 | D:2      | Reached XP level 4. HP: 20/39 MP: 3/3
  1271 | D:2      | Reached skill level 6 in Maces & Flails
  1661 | D:3      | Noticed aspa's ghost (amateur OpWz)
  1676 | D:3      | Killed aspa's ghost
  1676 | D:3      | Reached skill level 7 in Maces & Flails
  1676 | D:3      | Reached XP level 5. HP: 21/45 MP: 4/4
  2187 | D:3      | Reached skill level 8 in Maces & Flails
  2493 | D:4      | Reached XP level 6. HP: 42/51 MP: 5/5
  2572 | D:4      | Found a staircase to the Ecumenical Temple.
  2590 | Temple   | Entered the Ecumenical Temple
  2597 | Temple   | Reached skill level 9 in Maces & Flails
  3266 | D:4      | Reached XP level 7. HP: 56/57 MP: 6/6
  3385 | D:4      | Found a hazy altar of Hepliaklqana.
  3591 | D:5      | Entered Level 5 of the Dungeon
  3634 | D:5      | Reached skill level 10 in Maces & Flails
  4051 | D:5      | Reached skill level 11 in Maces & Flails
  4078 | D:5      | Found a snail-covered altar of Cheibriados.
  4130 | D:5      | Noticed xccam's ghost (novice DsGl)
  4143 | D:5      | Killed xccam's ghost
  4143 | D:5      | Reached XP level 8. HP: 64/64 MP: 7/7
  4331 | D:5      | Reached skill level 12 in Maces & Flails
  4449 | D:6      | Found a bloodstained altar of Trog.
  4696 | D:7      | Reached skill level 13 in Maces & Flails
  4906 | D:6      | Reached skill level 1 in Armour
  5048 | Temple   | Became a worshipper of Xom of Bone-Dry Humour
  5332 | D:6      | XOM: harmless Chrm miscast
  5426 | D:6      | XOM: draining
  5440 | D:6      | Reached XP level 9. HP: 35/72 MP: 8/8
  5444 | D:6      | XOM: give mutations
  5444 | D:6      | Gained mutation: You have large cloven feet. [Xom's mischief]
  5444 | D:6      | Gained mutation: Scrolls take you a little longer to read. [Xom's mischief]
  5444 | D:6      | Gained mutation: Your spells are a little harder to cast, but a little more powerful. [Xom's mischief]
  5620 | D:6      | XOM: mild Necr miscast
  5990 | D:7      | Reached skill level 5 in Fighting
  5997 | D:7      | XOM: chaos upgrade
  6004 | D:7      | HP: 3/74 [something (1)]
  6005 | D:7      | Mangled by an iguana

Skill      XL: |  1  2  3  4  5  6  7  8  9 |
---------------+----------------------------+-----
Maces & Flails | 4 5 7 8 9 11 13 | 13.4
Armour         | 2 3 |  3.2
Fighting       | 4 5 |  5.1
Dodging        | 4 |  4.6
Stealth        | |  1.5

Action                   |  1- 3 |  4- 6 |  7- 9 || total
-------------------------+-------+-------+-------++-------
Melee: Mace              |    69 |   130 |   372 ||   571
       Headbutt          |    12 |    28 |    70 ||   110
  Use: Potion            |       |     6 |     1 ||     7
       Scroll            |       |       |     2 ||     2
 Stab: Sleeping          |     2 |       |       ||     2
  Eat: Chunk             |       |     8 |     8 ||    16
Armor: Robe              |    10 |       |       ||    10
       Chain mail        |    36 |    90 |   239 ||   365
Dodge: Dodged            |    56 |    50 |   153 ||   259
